AoeStats
← RedPhosphoru

Arabia

509497931Analyzed
1v1 RM · 6d ago on Sep 27, 2026· 25m 34s· 2 players
Game mode
Random Map
Map size
Tiny (2 player)
Population
200
Speed
Normal
Resources
Standard
Victory
Conquest
Starting age
Dark Age
Ending age
Imperial Age
RankedLock teamsTeams togetherTeam positionsShared explorationLock speedFull tech treeHidden civsTurbo modeCheats
Victory
Defeat
🇺🇸 Saxons · United States
2434
+4
🇲🇽 Khmer · Mexico
2086
-4
RedPhosphoru
9:59 Feudal Age
8:33 Loom
13:40 Castle Age
11:51 Double-Bit Axe
14:57 Bow Saw
19:34 Fletching
21:16 Bodkin Arrow
22:50 Scale Mail Armor
26:28 Chain Mail Armor
Ux'Chimtzin
9:21 Feudal Age
8:16 Loom
10:11 Double-Bit Axe
17:24 Castle Age
15:28 Horse Collar
15:56 Gold Mining
16:57 Town Watch
18:52 Bow Saw
22:48 Fletching
Connection lost

Rejoining the realm…

Still unreachable

The connection could not be restored.

Session expired

The server has moved on; the page needs a fresh start.